 Dungeon Crawl Stone Soup version 0.29-a0-732-g3d7fbe0af2 (webtiles) character file.

Game seed: 590904278852035022

285 elite277 the Grave Robber (level 6, -3/42 HPs)
             Began as a Human Necromancer on June 29, 2022.
             Was an Initiate of Dithmenos.
             Shot with an arrow by a centaur (8 damage)
             ... on level 5 of the Dungeon.
             The game lasted 00:14:04 (3223 turns).

elite277 the Grave Robber (Human Necromancer)       Turns: 3223, Time: 00:14:04

Health: -3/42      AC:  2    Str:  8    XL:     6   Next: 55%
Magic:  11/11      EV: 12    Int: 17    God:    Dithmenos [......]
Gold:   166        SH:  0    Dex: 14    Spells: 4/11 levels left

rFire   . . .      SeeInvis .   i - +2 short sword (protect)
rCold   . . .      Faith    +   (no shield)
rNeg    . . .      Spirit   .   a - +0 robe
rPois   .          Reflect  .   (no helmet)
rElec   .          Harm     .   x - scarf {shadows}
rCorr   .          Rampage  .   (no gloves)
Will    .....                   (no boots)
Stlth   ++........              p - amulet of faith
HPRegen 0.14/turn               (no ring)
MPRegen 0.12/turn               (no ring)

@: no status effects
A: no striking features
a: Renounce Religion


You were on level 5 of the Dungeon.
You worshipped Dithmenos.
Dithmenos was noncommittal.
You visited 1 branch of the dungeon, and saw 5 of its levels.

You collected 166 gold pieces.

Inventory:

Hand Weapons
 c - a +0 short sword
 i - a +2 short sword of protection (weapon)
 j - a +0 dagger of speed
Missiles
 s - 6 boomerangs
 t - 6 poisoned darts
Armour
 a - a +0 robe (worn)
 x - a scarf of shadows (worn)
Jewellery
 p - an amulet of faith (around neck)
Scrolls
 f - 2 scrolls of blinking
 k - a scroll of vulnerability {unknown}
 l - a scroll of enchant weapon {unknown}
 m - a scroll of immolation {unknown}
 q - a scroll of silence {unknown}
 u - a scroll of amnesia {unknown}
 v - a scroll of fear
 w - 3 scrolls of enchant armour
Potions
 b - a potion of magic
 d - a potion of brilliance {unknown}
 e - a potion of berserk rage {unknown}
 g - a potion of resistance {unknown}
 h - 4 potions of haste
 n - 2 potions of degeneration
 o - 2 potions of curing
 r - a potion of heal wounds {unknown}
 z - 2 potions of mutation {unknown}


   Skills:
 + Level 0.5 Fighting
 + Level 1.6 Short Blades
 + Level 2.3 Dodging
 + Level 2.5 Stealth
 + Level 3.4 Spellcasting
 + Level 5.3 Necromancy
 + Level 2.0 Translocations


You had 4 spell levels left.
You knew the following spells:

 Your Spells              Type           Power      Damage    Failure   Level
a - Necrotize             Necr           84%        1d8       1%          1
b - Vampiric Draining     Necr           21%        2d7       5%          3
c - Gell's Gravitas       Tloc           9%         N/A       22%         3

Your spell library contained the following spells:

 Spells                   Type           Power      Damage    Failure   Level
 Animate Dead             Necr           21%        N/A       19%         4
 Lesser Beckoning         Tloc           9%         N/A       22%         3
 Teleport Other           Tloc           9%         N/A       22%         3
 Agony                    Necr           21%        N/A       45%         5
 Summon Forest            Summ/Tloc      3%         N/A       97%         5
 Eringya's Noxious Bog    Tmut/Pois      1%         N/A       100%        6
 Summon Hydra             Summ           1%         N/A       100%        7


Dungeon Overview and Level Annotations

Branches:
Dungeon (5/15)
 Temple: D:4-7

Altars:
Dithmenos
Elyvilon

Shops:
D:2 (

Annotations:
D:4 Sigmund


Message History

You are confused.
You're too confused to cast spells.
Okay, then.
Your adder skeleton crumbles into dust!
Found a chain mail.
Sigmund closely misses you.
Found 16 gold pieces.
Sigmund barely misses you.
Sigmund looks more healthy.
Sigmund gestures wildly while chanting.
Sigmund flickers and vanishes!
Deactivating autopickup; reactivate with Ctrl-A.
You feel less confused.
A magic dart appears from out of thin air!
The magic dart hits you.
A magic dart appears from out of thin air!
The magic dart hits you!
A puff of flame appears from out of thin air!
The puff of flame hits you!
You see here a +0 scale mail.
There is a stone staircase leading down here.
You are confused.
In your confused state, you trip and fall down the stairs.
You climb downwards.
Reactivating autopickup.
Found 5 poisoned darts.
There is a stone staircase leading up here.
You feel less confused.
Found 10 gold pieces.
t - 6 poisoned darts (gained 5)
You now have 166 gold pieces (gained 10).
A centaur comes into view.
The centaur shouts!
The centaur wields a +0 shortbow.
The centaur shoots an arrow.
The arrow hits you!
* * * LOW HITPOINT WARNING * * *
The centaur shoots an arrow.
The arrow barely misses you.
The centaur shoots an arrow.
The arrow hits you!
* * * LOW HITPOINT WARNING * * *
The centaur shoots an arrow.
The arrow hits you!
You die...

..... ..... . #...
#### .#
###...##..######.# .
.................#..
...............c.'..
......<..........#
.................#
............@....#
####....####..##.#
##+### #### #


You could see a centaur.

Vanquished Creatures
  Blork the orc (D:4)
  A scorpion (D:4)
  A howler monkey (D:4)
  6 adders
  A worm (D:3)
  2 dart slugs (D:3)
  2 orcs
  4 bats
  3 endoplasms
  A giant cockroach (D:4)
  3 goblins (D:1)
  5 hobgoblins
  5 quokkas
  2 ball pythons
  3 frilled lizards
  9 kobolds
  6 rats
55 creatures vanquished.

Vanquished Creatures (collateral kills)
  A bat (D:1)
1 creature vanquished.

Grand Total: 56 creatures vanquished

Notes
Turn   | Place    | Note
-------+----------+-------------------------------------------
     0 | D:1      | elite277 the Human Necromancer began the quest for the Orb.
     0 | D:1      | Reached XP level 1. HP: 13/13 MP: 3/3
    89 | D:1      | Found a faded altar of an unknown god.
   173 | D:1      | Reached XP level 2. HP: 19/19 MP: 0/5
   736 | D:2      | Reached XP level 3. HP: 20/24 MP: 6/6
   740 | D:2      | Learned a level 3 spell: Vampiric Draining
  1399 | D:2      | Reached skill level 1 in Short Blades
  1449 | D:2      | Reached XP level 4. HP: 24/30 MP: 7/7
  1542 | D:2      | Found Fiocsomu's Antique Weapon Emporium.
  1839 | D:3      | Found a white marble altar of Elyvilon.
  2386 | D:4      | Learned a level 3 spell: Gell's Gravitas
  2389 | D:4      | Noticed a scorpion
  2396 | D:4      | Killed a scorpion
  2397 | D:4      | Reached skill level 5 in Necromancy
  2397 | D:4      | Reached XP level 5. HP: 23/36 MP: 1/9
  2621 | D:4      | Noticed Blork the orc
  2734 | D:4      | Reached skill level 1 in Translocations
  2734 | D:4      | Reached XP level 6. HP: 42/42 MP: 3/10
  2829 | D:4      | Noticed Sigmund
  2878 | D:4      | Killed Blork the orc
  3013 | D:4      | Found a shadowy altar of Dithmenos.
  3020 | D:4      | Became a worshipper of Dithmenos the Shadowed
  3196 | D:5      | Entered Level 5 of the Dungeon
  3223 | D:5      | Shot with an arrow by a centaur

Illustrated notes

Levels and vault maps discovered:
D:1:      lemuel_arrival_behind_the_door_large, layout_loops_cross,
          ebering_ecumenical_altar_abandoned, minmay_misc_feat_more_columns,
          st_stairs_2
D:2:      layout_basic, serial_shops, nicolae_shop_crystal, serial_curves,
          eino_curves_01, eino_curves_01, eino_curves_03, eino_curves_01
D:3:      layout_rooms, elyvilon_altar_4
D:4:      layout_cave_pools, nicolae_dithmenos_shadow_blocks,
          uniq_blork_the_orc, uniq_sigmund
D:5:      layout_gridville, nicolae_kikubaaqudgha_miasma_corner,
          minmay_hedge_maze, minmay_misc_feat_four_crosses,
          nicolae_elevator_lobby_asterisk

Skill      XL: |  1  2  3  4  5  6 |
---------------+-------------------+-----
Short Blades   | 1 |  1.6
Necromancy     | 5 |  5.3
Spellcasting   | 3 |  3.4
Translocations | 1 2 |  2.0
Fighting       | |  0.5
Dodging        | |  2.3
Stealth        | |  2.5

Action                   |  1- 3 |  4- 6 || total
-------------------------+-------+-------++-------
Melee: Short sword       |    54 |    35 ||    89
Throw: Dart              |       |     3 ||     3
       Boomerang         |       |     1 ||     1
 Cast: Necrotize         |    20 |    55 ||    75
       Vampiric Draining |     1 |     5 ||     6
  Use: Scroll            |       |     7 ||     7
 Stab: Sleeping          |     3 |       ||     3
Armor: Robe              |    12 |    13 ||    25
Dodge: Dodged            |    37 |    41 ||    78

Table legend: (Time is in decaauts)
 A = Elapsed time spent in this place.
 B = Non-inter-level travel time spent in this place.
 C = Inter-level travel time spent in this place.
 D = Time resting spent in this place.
 E = Time spent auto-exploring this place.
 F = Levels seen in this place.
 G = Mean time per level.
                   A        B        C        D        E       F      G
               +--------+--------+--------+--------+--------+-----+--------+
         Total |   3230 |   3171 |     59 |      0 |   1696 |   5 |  646.0 |
       Dungeon |   3230 |   3171 |     59 |      0 |   1696 |   5 |  646.0 |
               +--------+--------+--------+--------+--------+-----+--------+

Top non-repeatable levels by time:
     D:2: 1092 daAuts
     D:3: 846 daAuts
     D:1: 734 daAuts
     D:4: 529 daAuts
     D:5: 26 daAuts
